 Dungeon Crawl Stone Soup version 0.30-a0-912-ge10d75a369 (webtiles) character file.

Game seed: 15470103613160643044

394 M4edhros the Insei (level 6, -9/42 HPs)
             Began as an Octopode Artificer on Mar 19, 2023.
             Killed from afar by Dowan (11 damage)
             ... with a stone arrow
             ... on level 4 of the Dungeon.
             The game lasted 00:01:53 (1134 turns).

M4edhros the Insei (Octopode Artificer)             Turns: 1134, Time: 00:01:53

Health: -9/42      AC:  1    Str: 12    XL:     6   Next: 82%
Magic:  6/6        EV: 14    Int: 13    God:
Gold:   129        SH:  0    Dex: 14    Spells: 5/5 levels left

rFire   . . .      SeeInvis .      - Unarmed
rCold   . . .      Faith    .    (no shield)
rNeg    . . .      Spirit   .    (helmet restricted)
rPois   .          Reflect  .    m - amulet of magic regeneration
rElec   .          Rampage  .    (no ring)
rCorr   .                        (no ring)
Will    .....                    (no ring)
Stlth   +++                      (no ring)
HPRegen 0.27/turn                (no ring)
MPRegen 0.50/turn                (no ring)
                                 (no ring)
                                 (no ring)

@: on berserk cooldown, attractive, slowed, very slow
A: almost no armour, amphibious, 8 rings, camouflage 1, gelatinous body 1,
(nimble swimmer 1), tentacles
a: no special abilities


You were on level 4 of the Dungeon.
You visited 1 branch of the dungeon, and saw 4 of its levels.

You collected 129 gold pieces.

Inventory:

Jewellery
 m - an amulet of magic regeneration (around mantle)
Wands
 b - a wand of flame (7) (quivered)
 c - a wand of charming (13)
 d - a wand of iceblast (2)
 i - a wand of polymorph (6)
Scrolls
 e - a scroll of fear {unknown}
 f - a scroll of silence {unknown}
 g - 3 scrolls of amnesia {unknown}
 k - a scroll of vulnerability {unknown}
 l - a scroll of enchant armour {unknown}
 o - 2 scrolls of fog {unknown}
Potions
 a - 2 potions of curing {unknown}


   Skills:
 + Level 3.3 Fighting
 + Level 4.0 Dodging
 - Level 1.3 Stealth
 * Level 4.6 Unarmed Combat
 - Level 3.2 Evocations


You had 5 spell levels left.
You didn't know any spells.
Your spell library contained the following spells:

 Spells                   Type           Power      Damage    Failure   Level
 Slow                     Hex            0%         N/A       30%         1
 Confusing Touch          Hex            0%         N/A       67%         3
 Gell's Gravitas          Tloc           0%         N/A       67%         3
 Teleport Other           Tloc           0%         N/A       67%         3
 Vampiric Draining        Necr           0%         2d6       67%         3
 Dispersal                Tloc           0%         N/A       100%        6


Dungeon Overview and Level Annotations

Branches:
Dungeon (4/15)
 Temple: D:4-7

Altars:
Elyvilon
Vehumet
Yredelemnul

Annotations:
D:4 Dowan


Innate Abilities, Weirdness & Mutations

You cannot wear most types of armour.
You are amphibious.
You can wear up to eight rings at the same time.
Your skin changes colour to match your surroundings (Stealth+).
Your rubbery body absorbs attacks. (AC +1, EV +1)
((You are camouflaged when in or above water. (Stealth+)))
You have tentacles for arms and can constrict up to eight enemies at once.


Message History

You are exhausted.
You feel yourself slow down.
You constrict Duvessa, but do no damage.
You tentacle-slap Duvessa.
Duvessa is almost dead.
You constrict Duvessa, but do no damage.
Duvessa hits you with a +0 short sword. x2; Dowan barely misses you.
You tentacle-slap Duvessa but do no damage.
You squeeze Duvessa.
You kill Duvessa!
Dowan's eyes darken. "You have made a black mistake."
Dowan seems to find hidden reserves of power!
Dowan completely misses you. Dowan hits you with a +0 dagger.
Your Dodging skill increases to level 4!
You closely miss Dowan. You grab Dowan. You constrict Dowan, but do no damage.
Dowan hits you with a +0 dagger. Dowan misses you.
Unknown command.
You tentacle-slap Dowan.
Dowan is lightly wounded.
You constrict Dowan. Dowan barely misses you. Dowan hits you with a +0 dagger.
You tentacle-slap Dowan.
Dowan is moderately wounded.
You constrict Dowan. Dowan hits you with a +0 dagger. x2
* * * LOW HITPOINT WARNING * * *
You barely miss Dowan.
Dowan is heavily wounded.
You constrict Dowan. Dowan hits you with a +0 dagger.
* * * LOW HITPOINT WARNING * * *
Dowan barely misses you.
You tentacle-slap Dowan.
Dowan is severely wounded.
You constrict Dowan. Dowan hits you with a +0 dagger.
* * * LOW HITPOINT WARNING * * *
Dowan completely misses you.
You tentacle-slap Dowan but do no damage.
Dowan is almost dead.
You constrict Dowan. Dowan gestures at you while chanting.
The stone arrow hits you!
You die...

#.#
#...#(#.##.#
#..
....#.#.##.#
###
.#...#.#....#
#.#..##.######
....#.# #. #.#
#. #.#
.#####e###.#
......)@...#
######.#####
#. #. #. #. #.
##


You could see Dowan (fast).

Vanquished Creatures
  Grinder (D:3)
  Duvessa (D:4)
  A sleepcap (D:4)
  An orc wizard (D:3)
  3 gnolls (D:2)
  4 orcs (D:3)
  3 endoplasms
  A giant cockroach (D:3)
  A goblin (D:3)
  3 hobgoblins
  4 jackals (D:2)
  A quokka (D:2)
  3 bats
  A frilled lizard (D:2)
28 creatures vanquished.

Vanquished Creatures (collateral kills)
  An endoplasm (D:3)
1 creature vanquished.

Vanquished Creatures (others)
  A gnoll (D:2)
1 creature vanquished.

Grand Total: 30 creatures vanquished

Notes
Turn   | Place    | Note
-------+----------+-------------------------------------------
     0 | D:1      | M4edhros the Octopode Artificer began the quest for the
                  | Orb.
     0 | D:1      | Reached XP level 1. HP: 13/13 MP: 1/1
   137 | D:2      | Reached skill level 1 in Unarmed Combat
   137 | D:2      | Reached XP level 2. HP: 2/18 MP: 2/2
   148 | D:2      | Reached XP level 3. HP: 6/23 MP: 3/3
   452 | D:3      | Found a white marble altar of Elyvilon.
   509 | D:3      | Found a basalt altar of Yredelemnul.
   522 | D:3      | Noticed Grinder
   527 | D:3      | Killed Grinder
   528 | D:3      | Reached XP level 4. HP: 22/30 MP: 4/4
   528 | D:3      | Reached XP level 5. HP: 27/36 MP: 5/5
   528 | D:3      | Reached XP level 6. HP: 30/41 MP: 6/6
   995 | D:4      | Found a radiant altar of Vehumet.
  1115 | D:4      | Noticed Duvessa
  1124 | D:4      | Noticed Dowan
  1128 | D:4      | Killed Duvessa
  1133 | D:4      | HP: 2/42 [Dowan/+0 dagger (5)]
  1134 | D:4      | Killed from afar by Dowan

Illustrated notes

Levels and vault maps discovered:
D:1:      dpeg_arrival_simpleton_c, layout_basic,
          chequers_ecumenical_altar_lobes
D:2:      layout_basic, minmay_door_square
D:3:      layout_loops_ring, nicolae_elyvilon_peaceful_grove,
          mainiacjoe_overflow_chevrons, mainiacjoe_overflow_brackets,
          lemuel_coloured_pillars_altar, guppyfry_early_orc_mine, uniq_grinder
D:4:      layout_basic, fiery_altar_vehumet, uniq_sigmund, uniq_duvessa

Skill      XL: |  1  2  3  4  5  6 |
---------------+-------------------+-----
Unarmed Combat | 1 3 4 |  4.6
Fighting       | 2 3 |  3.3
Dodging        | 3 4 |  4.0
Stealth        | |  1.3
Evocations     | |  3.2

Action                     |  1- 3 |  4- 6 || total
---------------------------+-------+-------++-------
  Melee: Unarmed           |    34 |    37 ||    71
         Tentacles         |    13 |     8 ||    21
         Constrict         |    10 |     7 ||    17
  Evoke: Wand              |    10 |     3 ||    13
    Use: Potion            |       |     3 ||     3
   Stab: Sleeping          |     5 |     2 ||     7
 Armour: Skin              |     2 |       ||     2
  Dodge: Dodged            |    23 |    23 ||    46

Table legend: (Time is in decaauts)
 A = Elapsed time spent in this place.
 B = Non-inter-level travel time spent in this place.
 C = Inter-level travel time spent in this place.
 D = Time resting spent in this place.
 E = Time spent auto-exploring this place.
 F = Levels seen in this place.
 G = Mean time per level.
                   A        B        C        D        E       F      G
               +--------+--------+--------+--------+--------+-----+--------+
         Total |   1130 |   1130 |      0 |      0 |    878 |   4 |  282.5 |
       Dungeon |   1130 |   1130 |      0 |      0 |    878 |   4 |  282.5 |
               +--------+--------+--------+--------+--------+-----+--------+

Top non-repeatable levels by time:
     D:4: 511 daAuts
     D:2: 372 daAuts
     D:3: 219 daAuts
     D:1: 28 daAuts
